 Dungeon Crawl Stone Soup version 0.26.0-10-g1f06aea511 (webtiles) character file.

Game seed: 4727319102828171658

14 Dracia the Grasshopper (level 2, -1/26 HPs)
             Began as a Gnoll Warper on Jan 15, 2021.
             Killed from afar by a dart slug (6 damage)
             ... with a slug dart
             ... on level 1 of the Dungeon.
             The game lasted 00:00:48 (485 turns).

Dracia the Grasshopper (Gnoll Warper)                Turns: 485, Time: 00:00:49

Health: -1/26      AC:  3    Str: 13    XL:     2   Next: 41%
Magic:  7/7        EV: 14    Int: 15    God:
Gold:   15         SH:  0    Dex: 14    Spells: 10/10 levels left

rFire    . . .     SeeInvis .   h - -1 hunting sling (curse)
rCold    . . .     Faith    .   (no shield)
rNeg     . . .     Spirit   .   b - +0 leather armour
rPois    .         Reflect  .   (no helmet)
rElec    .         Harm     .   (no cloak)
rCorr    .         Rampage  .   (no gloves)
Will     .....                  (no boots)
Stlth    +.........             (no amulet)
HPRegen  0.08/turn              (no ring)
MPRegen  0.10/turn              (no ring)

@: no status effects
A: distributed training, fangs 1, strong nose
a: no special abilities


You were on level 1 of the Dungeon.
You visited 1 branch of the dungeon, and saw 1 of its levels.

You collected 15 gold pieces.


Innate Abilities, Weirdness & Mutations

Your experience applies equally to all skills.
You have very sharp teeth.
Your uncanny sense of smell can sniff out nearby items.


   Skills:
 + Level 4.5 Fighting
 + Level 0.4 Short Blades
 + Level 4.5 Long Blades
 + Level 0.4 Axes
 + Level 0.4 Maces & Flails
 + Level 0.4 Polearms
 + Level 0.4 Staves
 + Level 0.4 Slings
 + Level 0.4 Bows
 + Level 0.4 Crossbows
 + Level 2.5 Throwing
 + Level 2.5 Armour
 + Level 4.5 Dodging
 + Level 0.4 Stealth
 + Level 0.4 Shields
 + Level 0.4 Unarmed Combat
 + Level 4.9 Spellcasting
 + Level 0.2 Conjurations
 + Level 0.2 Hexes
 + Level 0.2 Summonings
 + Level 0.2 Necromancy
 + Level 5.3 Translocations
 + Level 0.2 Transmutations
 + Level 0.2 Fire Magic
 + Level 0.2 Ice Magic
 + Level 0.2 Air Magic
 + Level 0.2 Earth Magic
 + Level 0.2 Poison Magic
 + Level 0.5 Invocations
 + Level 0.4 Evocations


You had 10 spell levels left.
You didn't know any spells.
Your spell library contained the following spells:

 Spells                   Type           Power        Failure   Level
 Blink                    Tloc           N/A          3%          2
 Gell's Gravitas          Tloc           9%           7%          3
 Lesser Beckoning         Tloc           9%           7%          3
 Teleport Other           Tloc           19%          7%          3
 Passage of Golubria      Tloc           N/A          22%         4

Inventory:

Hand Weapons
 a - a +0 falchion
 h - a cursed -1 hunting sling (weapon)
Missiles
 e - 5 boomerangs of dispersal (quivered) {=f=f}
 f - 6 boomerangs
 g - 13 poisoned darts
Armour
 b - a +0 leather armour (worn)
Scrolls
 d - a scroll of blinking
Potions
 c - a potion of flight {unknown}

Dungeon Overview and Level Annotations

Branches:
Dungeon (1/15)

Altars:

... ∆ .... ∆
.>.... ........
.#.#.#.#.#
...#.#.#.#.# ##
...#.#.#.#.#.#.#
...#.#.#.#.#.#.#
....#.#.#.#.#@#.#
#....#.#.#.#w#.##
#..#.#.#.#.#.#.#
#...#.#.#.#.#.##
#..#.#.#.#.#.#.#
..#.#.#.#.#.##
##.#.#.#.#.#.#
#.#.#.#.#.#.##
...##.)#########


You could see a dart slug.


Message History

You clumsily bash the dart slug but do no damage.
The dart slug is severely wounded.
The dart slug launches a dart at you. The slug dart misses you.
You clumsily bash the dart slug but do no damage.
The dart slug is severely wounded.
The dart slug launches a dart at you. The slug dart misses you.
You clumsily bash the dart slug but do no damage.
The dart slug is severely wounded.
The dart slug closely misses you.
You clumsily bash the dart slug but do no damage.
You bite the dart slug, but do no damage.
The dart slug is severely wounded.
The dart slug closely misses you.
You clumsily bash the dart slug but do no damage.
The dart slug is severely wounded.
The dart slug bites you.
* * * LOW HITPOINT WARNING * * *
You clumsily bash the dart slug but do no damage.
You bite the dart slug.
The dart slug is almost dead.
The dart slug launches a dart at you. The slug dart misses you.
You clumsily bash the dart slug but do no damage.
Your bite misses the dart slug.
The dart slug is almost dead.
The dart slug launches a dart at you. The slug dart hits you.
You die...

Action                   || total
-------------------------++-------
Melee: Falchion          ||    37
       Bite              ||    17
       Hunting sling     ||    64
       Punch             ||     1
Armor: Leather armour    ||    18
Dodge: Dodged            ||    75
       Rpst.: Falchion   ||     8

Levels and vault maps discovered:
D:1:      dpeg_arrival_solitude, layout_rooms, minivault_23

Notes
Turn   | Place    | Note
-------+----------+-------------------------------------------
     0 | D:1      | Dracia the Gnoll Warper began the quest for the Orb.
     0 | D:1      | Reached XP level 1. HP: 20/20 MP: 6/6
   157 | D:1      | Reached XP level 2. HP: 22/26 MP: 7/7
   485 | D:1      | Killed from afar by a dart slug

Vanquished Creatures
  4 bats (D:1)
  3 goblins (D:1)
  3 hobgoblins (D:1)
  A frilled lizard (D:1)
  A kobold (D:1)
  A rat (D:1)
13 creatures vanquished.

Table legend: (Time is in decaauts)
 A = Elapsed time spent in this place.
 B = Non-inter-level travel time spent in this place.
 C = Inter-level travel time spent in this place.
 D = Time resting spent in this place.
 E = Time spent auto-exploring this place.
 F = Levels seen in this place.
 G = Mean time per level.
                   A        B        C        D        E       F      G
               +--------+--------+--------+--------+--------+-----+--------+
         Total |    519 |    519 |      0 |      0 |    342 |   1 |  519.0 |
       Dungeon |    519 |    519 |      0 |      0 |    342 |   1 |  519.0 |
               +--------+--------+--------+--------+--------+-----+--------+

Top non-repeatable levels by time:
     D:1: 519 daAuts

Table legend:
 A = Non-vault XP
 B = Vault XP
 C = Vault XP percentage of total XP
 D = Non-vault monster count
 E = Vault monster count
 F = Vault count percentage of total count
                 A         B        C        D         E       F
            +---------+---------+-------+---------+---------+-------
      Total |      20 |       0 |   0.0 |      13 |       0 |   0.0
            +---------+---------+-------+---------+---------+-------
        D:1 |      20 |       0 |   0.0 |      13 |       0 |   0.0
            +---------+---------+-------+---------+---------+-------
